 Dungeon Crawl Stone Soup version 0.29-a0-80-g3050e97935 (webtiles) character file.

Game seed: 17114836155102566469

39 nbfv the Vexing (level 3, -13/16 HPs)
             Began as a Spriggan Enchanter on Feb 4, 2022.
             Mangled by an ogre (29 damage)
             ... on level 3 of the Dungeon.
             The game lasted 00:03:59 (3445 turns).

nbfv the Vexing (Spriggan Enchanter)                Turns: 3445, Time: 00:03:59

Health: -13/16     AC:  2    Str:  6    XL:     3   Next: 26%
Magic:  9/9        EV: 17    Int: 14    God:
Gold:   65         SH:  0    Dex: 15    Spells: 1/9 levels left

rFire   . . .      SeeInvis +   a - +3 dagger
rCold   . . .      Faith    .   (no shield)
rNeg    . . .      Spirit   .   b - +0 robe
rPois   .          Reflect  .   (helmet restricted)
rElec   .          Harm     .   (no cloak)
rCorr   .          Rampage  .   (gloves unavailable)
Will    .....                   (boots unavailable)
Stlth   +++.......              (no amulet)
HPRegen 0.05/turn               j - ring of wizardry
MPRegen 0.11/turn               (no ring)

@: very quick
A: very small, no large weapons, unfitting armour, see invisible, speed 3, dopey
1
a: no special abilities


You were on level 3 of the Dungeon.
You visited 1 branch of the dungeon, and saw 3 of its levels.

You collected 65 gold pieces.

Inventory:

Hand Weapons
 a - a +3 dagger (weapon)
Armour
 b - a +0 robe (worn)
Jewellery
 j - a ring of wizardry (left hand)
Scrolls
 f - 3 scrolls of fear
Potions
 c - a potion of invisibility
 e - a potion of degeneration {unknown}
 g - a potion of heal wounds {unknown}
 h - a potion of lignification {unknown}
 i - a potion of brilliance {unknown}
 k - a potion of berserk rage {unknown}


   Skills:
 - Level 1.1 Short Blades
 - Level 2.6 Dodging
 - Level 4.4 Stealth
 + Level 3.8 Spellcasting
 + Level 4.5 Hexes


You had one spell level left.
You knew the following spells:

 Your Spells              Type           Power      Damage    Failure   Level
a - Ensorcelled Hibernat  Hex/Ice        18%        N/A       4%          2
b - Tukima's Dance        Hex            15%        N/A       3%          3
c - Dazzling Flash        Conj/Hex       18%        N/A       9%          3

Your spell library contained the following spells:

 Spells                   Type           Power      Damage    Failure   Level
 Confusing Touch          Hex            15%        N/A       3%          3
 Ignite Poison            Fire/Tmut/Pois 2%         N/A       24%         3
 Mephitic Cloud           Conj/Pois/Air  2%         N/A       24%         3
 Freezing Cloud           Conj/Ice/Air   1%         6-21      89%         5


Dungeon Overview and Level Annotations

Branches:
Dungeon (3/15)

Altars:
Elyvilon
Trog


Innate Abilities, Weirdness & Mutations

You are very small and have problems with some larger weapons.
You are too small for most types of armour.
You have supernaturally acute eyesight. (SInv)
You cover ground extremely quickly. (Speed+++)
You are dopey. (Int -2)


Message History

Found 13 arrows.
You see here 21 arrows.
There is a bloodstained altar of Trog here.
An ogre is nearby!
Throw: 6 darts (poison)
Press: ? - help, Q - select action, (/) - cycle Shift-Dir - straight line, f - ogre
Aim: an ogre, wielding a +0 giant spiked club (wandering, hasn't noticed you, 73% to hit)
You throw a poisoned dart. The poisoned dart hits the ogre.
The ogre shouts!
Throw: 5 darts (poison)
Press: ? - help, Q - select action, (/) - cycle Shift-Dir - straight line, f/p - ogre
Aim: an ogre, wielding a +0 giant spiked club (73% to hit)
You throw a poisoned dart.
The poisoned dart barely misses the ogre.
Unknown command.
Throw: 4 darts (poison)
Press: ? - help, Q - select action, (/) - cycle Shift-Dir - straight line, f/p - ogre
Aim: an ogre, wielding a +0 giant spiked club (73% to hit)
You throw a poisoned dart. The poisoned dart hits the ogre.
The ogre is poisoned.
Unknown command.
Throw: 3 darts (poison)
Press: ? - help, Q - select action, (/) - cycle Shift-Dir - straight line, f/p - ogre
Aim: an ogre, wielding a +0 giant spiked club (lightly wounded, poisoned, 73% to hit)
You throw a poisoned dart. The poisoned dart hits the ogre.
The ogre is lightly wounded.
Throw: 2 darts (poison)
Press: ? - help, Q - select action, (/) - cycle Shift-Dir - straight line, f/p - ogre
Aim: an ogre, wielding a +0 giant spiked club (lightly wounded, poisoned, 73% to hit)
You throw a poisoned dart. The poisoned dart hits the ogre.
The ogre is lightly wounded.
Throw: dart (poison)
Press: ? - help, Q - select action, (/) - cycle Shift-Dir - straight line, f/p - ogre
Aim: an ogre, wielding a +0 giant spiked club (lightly wounded, poisoned, 73% to hit)
You throw a poisoned dart. The poisoned dart hits the ogre.
The ogre looks even sicker.
The ogre is lightly wounded.
The ogre hits you with a +0 giant spiked club!!
Ouch! That really hurt!
You die...

#.# .........# #...... #.#
#(##.....# ###.### ##'##
#.##.....# #.# ##...## #(##.....#
#.# ##†....## #(##.....# #.#
##.......## #(#......# ##.##
#.†.......###....#.#.#######...##
'.........'....O.................
#...##########..@#.#########...##
##..#.......###.##.# ##...#
##.#.###...###.##.# ###.#
###.#.#._.....##.# #.#
#.###...######.# #.# #.......#
#.# ##.# ########## #.# ##...
##..# #<#####.# ##.#.. ##...#
#.......# #.##..


You could see an ogre (very poisoned).

Vanquished Creatures
  An adder (D:3)
  2 endoplasms (D:1)
  4 giant cockroaches (D:1)
  3 goblins
  A hobgoblin (D:2)
  3 quokkas
  2 ball pythons (D:1)
  4 bats
  3 frilled lizards
  3 kobolds
  3 rats
29 creatures vanquished.

Vanquished Creatures (others)
  A wizard (D:3)
1 creature vanquished.

Grand Total: 30 creatures vanquished

Notes
Turn   | Place    | Note
-------+----------+-------------------------------------------
     0 | D:1      | nbfv the Spriggan Enchanter began the quest for the Orb.
     0 | D:1      | Reached XP level 1. HP: 9/9 MP: 5/5
   207 | D:2      | Gained mutation: You are dopey. (Int -2) [potion of
                  | mutation]
   648 | D:2      | Found a white marble altar of Elyvilon.
  1259 | D:2      | Found a faded altar of an unknown god.
  1355 | D:2      | Reached XP level 2. HP: 13/13 MP: 7/7
  1358 | D:2      | Learned a level 2 spell: Ensorcelled Hibernation
  2792 | D:3      | Found a bloodstained altar of Trog.
  2792 | D:3      | Noticed an ogre
  2793 | D:3      | Noticed a wizard
  2804 | D:3      | Killed a wizard
  3122 | D:3      | Reached XP level 3. HP: 16/16 MP: 9/9
  3126 | D:3      | Learned a level 3 spell: Tukima's Dance
  3130 | D:3      | Learned a level 3 spell: Dazzling Flash
  3445 | D:3      | Mangled by an ogre

Illustrated notes

Levels and vault maps discovered:
D:1:      eino_arrival_water_cross, layout_basic, minmay_misc_feat_columns
D:2:      layout_loops_ring, basic_altar, hellmonk_ecumenical_altar_zigzags
D:3:      layout_loops_corners, nicolae_overflow_hidden_temple,
          nicolae_ashenzari_panopticon, trog_wizard, uniq_sigmund

Skill      XL: |  1 |
---------------+----+-----
Spellcasting   | 3 |  3.8
Hexes          | 4 |  4.5
Short Blades   | |  1.1
Dodging        | |  2.6
Stealth        | |  4.4

Action                   || total
-------------------------++-------
Melee: Dagger            ||    90
       Punch             ||     1
Throw: Dart              ||     6
 Cast: Ensorcelled Hiber ||     8
  Use: Scroll            ||     5
       Potion            ||     1
 Stab: Sleeping          ||    12
Armor: Robe              ||     5
Dodge: Dodged            ||    59

Table legend: (Time is in decaauts)
 A = Elapsed time spent in this place.
 B = Non-inter-level travel time spent in this place.
 C = Inter-level travel time spent in this place.
 D = Time resting spent in this place.
 E = Time spent auto-exploring this place.
 F = Levels seen in this place.
 G = Mean time per level.
                   A        B        C        D        E       F      G
               +--------+--------+--------+--------+--------+-----+--------+
         Total |   2636 |   2603 |     33 |    632 |   1624 |   3 |  878.7 |
       Dungeon |   2636 |   2603 |     33 |    632 |   1624 |   3 |  878.7 |
               +--------+--------+--------+--------+--------+-----+--------+

Top non-repeatable levels by time:
     D:1: 911 daAuts
     D:2: 884 daAuts
     D:3: 841 daAuts
